 Dungeon Crawl Stone Soup version 0.29.1-15-g9cfb28693d (webtiles) character file.

Game seed: 11034981569988669513

3668 hawla the Arsonist (level 10, 0/94 HPs)
             Began as a Meteoran Fire Elementalist on Mar 2, 2023.
             Was a Follower of Vehumet.
             Shot with an arrow by a centaur (5 damage)
             ... on level 8 of the Dungeon.
             The game lasted 00:17:03 (3368 turns).

hawla the Arsonist (Meteoran Fire Elementalist)     Turns: 3368, Time: 00:17:04

Health: 0/94       AC: 25    Str: 10    XL:     10   Next: 60%
Magic:  7/22       EV:  2    Int: 22    God:    Vehumet [*.....]
Gold:   538        SH:  0    Dex: 14    Spells: 7/24 levels left

rFire   . . .      SeeInvis .   (no weapon)
rCold   . . .      Faith    .   (no shield)
rNeg    . . .      Spirit   .   (body armour currently unavailable)
rPois   +          Reflect  .   (helmet currently unavailable)
rElec   .          Harm     .   (cloak currently unavailable)
rCorr   .          Rampage  .   (gloves currently unavailable)
Will    +....      NoTele   +   (boots currently unavailable)
Stlth   +.........              (no amulet)
HPRegen 0.25/turn               (no ring)
MPRegen 0.18/turn               (no ring)

@: tree-form, very slightly contaminated, glowing
A: stationary, stasis, torment immunity, boosted hp, sense surroundings 3,
otherworldly, glowing, explore regen, frail 1, (shaggy fur 1), wild magic 1,
MP-powered wands
a: Renounce Religion


You were on level 8 of the Dungeon.
You worshipped Vehumet.
Vehumet was aware of your devotion.
You were a tree.
You visited 2 branches of the dungeon, and saw 9 of its levels.
You also visited: Sewer.

You collected 1502 gold pieces.
You spent 964 gold pieces at shops.

Inventory:

Armour
 c - a +2 robe of positive energy
 g - a +1 robe of willpower (melded)
 h - a +2 robe of cold resistance
 i - the +1 pair of gloves of Dice, Bag, and Bottle (melded) {Rampage +Blink Will+}
   (You bought it in a shop on level 5 of the Dungeon)

   +Blink:    It lets you blink.
   Rampage:   It bestows one free step when moving towards enemies.
   Will:      It increases your willpower.
Jewellery
 a - a ring of ice
Wands
 b - a wand of polymorph (12)
 f - a wand of paralysis (32)
 u - a wand of flame (17) (quivered)
Scrolls
 j - 4 scrolls of teleportation
 l - 2 scrolls of magic mapping {unknown}
 n - a scroll of amnesia
 o - 2 scrolls of enchant weapon {unknown}
 p - a scroll of torment {unknown}
 s - a scroll of blinking {unknown}
 v - a scroll of butterflies {unknown}
Potions
 d - a potion of berserk rage
 k - 3 potions of curing {unknown}
 m - a potion of ambrosia
 q - a potion of attraction {unknown}
 r - 2 potions of haste {unknown}
 t - 2 potions of heal wounds {unknown}


   Skills:
 + Level 1.1 Fighting
 + Level 4.0 Dodging
 - Level 1.4 Stealth
 + Level 7.7 Spellcasting
 + Level 9.1 Conjurations
 + Level 7.7 Translocations
 + Level 9.2 Fire Magic
 + Level 3.0 Evocations


You had 7 spell levels left.
You knew the following spells:

 Your Spells              Type           Power      Damage    Failure   Level
a - Foxfire               Conj/Fire      100%       2x1d9     1%          1
b - Scorch                Fire           100%       2d10      1%          2
c - Flame Wave            Conj/Fire      59%        2d14      3%          4
d - Iskenderun's Mystic   Conj/Tloc      56%        2d12      4%          4
e - Starburst             Conj/Fire      29%        6d9       34%         6

Your spell library contained the following spells:

 Spells                   Type           Power      Damage    Failure   Level
 Freeze                   Ice            44%        1d6       12%         1
 Magic Dart               Conj           100%       1d8       1%          1
 Conjure Flame            Conj/Fire      59%        6-21      1%          3
 Dazzling Flash           Conj/Hex       74%        N/A       6%          3
 Inner Flame              Hex/Fire       37%        N/A       6%          3
 Mephitic Cloud           Conj/Pois/Air  28%        N/A       11%         3
 Call Imp                 Summ           11%        N/A       17%         2
 Ensorcelled Hibernation  Hex/Ice        22%        N/A       17%         2
 Spider Form              Tmut/Pois      11%        N/A       30%         3
 Dispersal                Tloc           26%        N/A       52%         6
 Anguish                  Hex/Necr       5%         N/A       67%         4
 Disjunction              Tloc           26%        N/A       100%        8


Dungeon Overview and Level Annotations

Branches:
Dungeon (8/15) Zot: 1540   Temple (1/1) D:6 Zot: 563   Sewer (visited)
   Lair: D:8-11

Altars:
Ashenzari
Cheibriados
Dithmenos
Fedhas
Gozag
Makhleb
Nemelex Xobeh
Okawaru
Qazlal
Ru
Sif Muna
Vehumet
Wu Jian
Xom
Zin
The Shining One

Shops:
D:5 [

Annotations:
D:8 3 runed translucent doors, BuddhaDhamma's ghost, novice MiBe
Temple 2 transporters


Innate Abilities, Weirdness & Mutations

You are a tree.
Your roots penetrate the ground, keeping you stationary.
You cannot be teleported.
You are immune to unholy pain and torment.
Your maximum health is greatly increased.
Your equipment is partially melded.
You passively map a large area around you.
You are easily found by Zot.
You glow in the dark.
You regain HP and MP as you explore.
You are frail. (-10% HP)
((You are covered in fur. (AC +1)))
Your spells are a little harder to cast, but a little more powerful.
You expend magic power (3 MP) to strengthen your wands.


Message History

Casting: Iskenderun's Mystic Blast (dangerous; 4% risk of failure)
Confirm with . or Enter, or press ? or * to list all spells.
You erupt in a blast of force!
The mystic blast hits the yak!
The yak is moderately wounded.
The yak is knocked back by the mystic blast.
The yak slams into the rock wall!
The yak is heavily wounded.
The mystic blast hits the yak!
You kill the yak!
Vehumet accepts your kill.
The mystic blast hits the yak.
The yak is lightly wounded.
The yak is knocked back by the mystic blast.
The yak slams into the rock wall!
The yak is moderately wounded.
The centaur shoots an arrow.
The arrow hits you.
* * * LOW HITPOINT WARNING * * *
The centaur shoots an arrow.
The arrow hits you but does no damage.
Your Dodging skill increases to level 4!
Your Conjurations skill increases to level 9!
Casting: Iskenderun's Mystic Blast (dangerous; 4% risk of failure)
Confirm with . or Enter, or press ? or * to list all spells.
You erupt in a blast of force!
The mystic blast hits the yak!
The yak is almost dead.
The yak is knocked back by the mystic blast.
The yak slams into the rock wall!
You kill the yak!
Vehumet accepts your kill.
The mystic blast hits the yak!!
The yak is almost dead.
The yak is knocked back by the mystic blast.
The yak slams into the rock wall!
The yak is almost dead.
The centaur shoots an arrow.
The arrow barely misses you. The yak gores you.
* * * LOW HITPOINT WARNING * * *
Unknown command.
Casting: Iskenderun's Mystic Blast (dangerous; 4% risk of failure)
Confirm with . or Enter, or press ? or * to list all spells.
You conjure some foxfire!
The centaur shoots an arrow.
The arrow hits you.
You die...

Y.# ####.#
########...#
##..........##
..########...#
### ###.##
#######* #
#..###....... #
###..Yv....$.. #
#..c.†♣..<.... #
#......v...$...#
#
...............##
# **
..>..........###
# *
............## #
,..........### #
.......###. # *
###### .* # * ,


You could see a yak (ally target) and a centaur.

Vanquished Creatures
  5 yaks (D:8)
  Edmund (D:5)
  Menkaure (D:7)
  A water moccasin (D:6)
  3 sky beasts
  A black bear (D:6)
  An ice beast (D:6)
  2 ogres
  2 centaurs
  A kobold brigand (D:8)
  2 phantoms
  A bullfrog (D:6)
  3 necrophages
  A gnoll sergeant (D:7)
  2 scorpions
  4 wights (D:8)
  4 killer bees (D:8)
  2 hounds (D:7)
  5 orc priests
  4 jellies
  Ijyb (D:5)
  A hell rat (Sewer)
  3 orc wizards
  An iguana (D:5)
  15 gnolls
  3 river rats (Sewer)
  8 adders
  A shadow imp (D:5)
  3 white imps
  A worm (D:5)
  2 dart slugs (D:5)
  14 orcs
  An endoplasm (D:2)
  2 goblins (D:4)
  5 kobolds
  A quokka (D:4)
  10 rats
118 creatures vanquished.

Vanquished Creatures (others)
  252 foxfires
  2 plants (D:8)
254 creatures vanquished.

Grand Total: 372 creatures vanquished

Notes
Turn   | Place    | Note
-------+----------+-------------------------------------------
     0 | D:1      | hawla the Meteoran Fire Elementalist began the quest for
                  | the Orb.
     0 | D:1      | Reached XP level 1. HP: 14/14 MP: 5/5
    11 | D:2      | Reached XP level 2. HP: 13/20 MP: 2/6
    40 | D:3      | Reached XP level 3. HP: 22/26 MP: 5/8
    43 | D:3      | Learned a level 2 spell: Scorch
    82 | D:3      | Reached XP level 4. HP: 23/33 MP: 1/9
   158 | D:4      | Reached skill level 5 in Fire Magic
   158 | D:4      | Reached XP level 5. HP: 38/38 MP: 4/11
   180 | D:5      | Entered Level 5 of the Dungeon
   331 | D:4      | Reached XP level 6. HP: 45/45 MP: 7/13
   391 | D:4      | Noticed an ogre
   395 | D:4      | Killed an ogre
   557 | D:5      | Reached XP level 7. HP: 51/51 MP: 11/15
   589 | D:5      | Reached skill level 5 in Spellcasting
   599 | D:5      | Learned a level 4 spell: Flame Wave
   653 | D:5      | Found a glowing drain.
   665 | Sewer    | Entered a sewer
   802 | D:5      | Noticed Ijyb
   807 | D:5      | Killed Ijyb
   929 | D:5      | Found Turiny's Armour Boutique.
   948 | D:5      | Reached XP level 8. HP: 43/58 MP: 10/16
   949 | D:5      | Reached skill level 5 in Conjurations
   966 | D:5      | Noticed Edmund
   979 | D:5      | Killed Edmund
  1024 | D:5      | Found a shimmering altar of Xom.
  1146 | D:5      | Found a burning altar of Makhleb.
  1152 | D:5      | Found an ornate altar of the Wu Jian Council.
  1298 | D:6      | Found a staircase to the Ecumenical Temple.
  1312 | D:6      | Gained mutation: You passively map the area around you.
                  | [Meteoran growth]
  1312 | D:6      | Reached XP level 9. HP: 30/63 MP: 3/18
  1331 | Temple   | Entered the Ecumenical Temple
  1331 | Temple   | Found a transporter.
  1331 | Temple   | Found a transporter.
  1333 | Temple   | Found a transporter.
  1333 | Temple   | Found a transporter.
  1347 | Temple   | Became a worshipper of Vehumet
  1484 | D:6      | Reached skill level 1 in Fighting
  2414 | D:7      | Gained mutation: Your magical capacity is low. (-10% MP)
                  | [potion of mutation]
  2414 | D:7      | Gained mutation: You expend magic power (3 MP) to
                  | strengthen your wands. [potion of mutation]
  2414 | D:7      | Gained mutation: Your spells are a little harder to cast,
                  | but a little more powerful. [potion of mutation]
  2420 | D:7      | Learned a level 4 spell: Iskenderun's Mystic Blast
  2446 | D:7      | Reached skill level 1 in Translocations
  2683 | D:7      | Lost mutation: Your magical capacity is low. (-10% MP)
                  | [potion of mutation]
  2683 | D:7      | Lost mutation: You expend magic power (3 MP) to strengthen
                  | your wands. [potion of mutation]
  2683 | D:7      | Gained mutation: You are frail. (-10% HP) [potion of
                  | mutation]
  2683 | D:7      | Gained mutation: You passively map a large area around you.
                  | [potion of mutation]
  2683 | D:7      | Gained mutation: You are covered in fur. (AC +1) [potion of
                  | mutation]
  2683 | D:7      | Gained mutation: You expend magic power (3 MP) to
                  | strengthen your wands. [potion of mutation]
  2707 | D:7      | Noticed Menkaure
  2712 | D:7      | Killed Menkaure
  2713 | D:7      | Reached skill level 5 in Translocations
  2713 | D:7      | Reached XP level 10. HP: 22/63 MP: 3/21
  2747 | D:7      | Found a shadowy altar of Dithmenos.
  2759 | D:7      | Found a sparkling altar of Nemelex Xobeh.
  2762 | D:7      | Found a stormy altar of Qazlal.
  2765 | D:7      | Found a blossoming altar of Fedhas.
  2921 | D:8      | Identified a scroll of acquirement
  2921 | D:8      | Acquired 1175 gold pieces
  2979 | D:5      | Bought a +2 robe of positive energy for 191 gold pieces
  2979 | D:5      | Bought a +1 robe of willpower for 165 gold pieces
  2979 | D:5      | Bought a +2 robe of cold resistance for 230 gold pieces
  2979 | D:5      | Bought the +1 pair of gloves of Dice, Bag, and Bottle
                  | {Rampage +Blink Will+} for 378 gold pieces
  3093 | D:8      | Found a runed translucent gate.
  3094 | D:8      | Found a runed translucent gate.
  3109 | D:8      | Found a runed translucent gate.
  3109 | D:8      | Noticed BuddhaDhamma's ghost (novice MiBe)
  3109 | D:8      | Noticed a ten-headed hydra
  3147 | D:8      | Reached * piety under Vehumet
  3147 | D:8      | Offered knowledge of Freeze by Vehumet.
  3306 | D:8      | Learned a level 6 spell: Starburst
  3368 | D:8      | Shot with an arrow by a centaur

Illustrated notes

Levels and vault maps discovered:
D:1:      lightli_molten_gateway, layout_basic
D:2:      layout_basic, basic_altar,
          dreamdust_ecumenical_altar_angels_and_demons,
          kennysheep_pointless_box, minmay_box_of_dots
D:3:      layout_rooms, amcnicky_altar_gilded, st_stairs_9, uniq_robin,
          uniq_grinder
D:4:      layout_rooms
D:5:      layout_cave_pools, kennysheep_mini_moat,
          amethyst_overflow_temple_binary, serial_shops,
          nicolae_shop_window_shopping, cheibrodos_sewer_entry_bend,
          st_stairs_3, uniq_ijyb, uniq_edmund
D:6:      layout_layer_cave, minmay_temple_entry_proselytizer, st_stairs_2
D:7:      layout_cave_pools, grunt_temple_overflow_cloverleaf,
          dreamdust_gnoll_farm, uniq_menkaure
D:8:      layout_cave_pods, gammafunk_ghost_hydra_chop
Temple:   hellmonk_temple_divided_pantheon

Skill      XL: |  1  2  3  4  5  6  7  8  9 10 |
---------------+-------------------------------+-----
Fire Magic     | 4 5 6 7 8 9 |  9.2
Spellcasting   | 3 4 5 7 |  7.7
Dodging        | 3 4 |  4.0
Conjurations   | 2 4 6 7 9 |  9.1
Evocations     | 3 |  3.0
Fighting       | 1 |  1.1
Translocations | 5 7 |  7.7
Stealth        | |  1.4

Action                   |  1- 3 |  4- 6 |  7- 9 | 10-12 || total
-------------------------+-------+-------+-------+-------++-------
Melee: Unarmed           |     4 |     3 |    12 |     7 ||    26
 Cast: Foxfire           |    12 |    28 |    97 |    11 ||   148
       Scorch            |     2 |    10 |    56 |     8 ||    76
       Flame Wave        |       |       |     6 |     4 ||    10
       Iskenderun's Myst |       |       |     5 |    10 ||    15
  Use: Potion            |       |       |     5 |     1 ||     6
       Scroll            |       |       |     4 |     3 ||     7
Armor: Robe              |     3 |     4 |    10 |     4 ||    21
       Skin              |       |       |       |     2 ||     2
Dodge: Dodged            |     3 |     4 |    38 |    17 ||    62
